Unix NetHack Version 5.0.0-0 post-release - last build May 23 2026 06:08:33 (1c0ff79ee797540d5714e4e18072db0edd9e58ae,branch:main).

Game began 2026-05-27 00:23:08, ended 2026-05-27 00:43:50.

Jobair, neutral female human Tourist

         -----------
         |......`..-#
         |.........|@
         |.........|#
         |.........|#
         -----.--.--#
          ########  #
       ####
     ####
  ---.-----------
  |.............|
  |......<......|
  |.............|
  |..............
  ---------------

Jobair the Sightseer        St:9 Dx:9 Co:17 In:14 Wi:9 Ch:18  Neutral
Dlvl:6  $:217 HP:0(33) Pw:15(15) AC:7  Xp:4 T:2389  Blind

Latest messages:
 The rothe just misses!
 The rothe just misses!
 The rothe bites!
 You hit the rothe.
 You hit the rothe!
 The rothe misses!
 The rothe misses!
 The rothe misses!
 You kill the rothe!
 There is a doorway here.
 You see here a rothe corpse.
 There is a rothe corpse here; eat it? [ynq] (n) y
 This rothe corpse is fatty.
 You finish eating the rothe corpse.
 Where do you want to travel to?
 (For instructions type a '?')
 You swap places with Godzilla.
 You descend the stairs.
 You swap places with Godzilla.
 You swap places with Godzilla.
 You swap places with Godzilla.
 The yellow light explodes!
 You are blinded by a blast of light!
 It hits!
 It misses!
 It bites!
 It hits!
 It bites!
 It misses!
 You miss it.
 It hits!
 It just misses!
 It bites!
 You hit it.
 It hits!
 It bites!
 It bites again!
 Wait!  There's something there you can't see!
 You attack thin air.
 It just misses!
 It bites!
 It bites again!
 Wait!  There's something there you can't see!
 It hits!
 You die...
 Do you want your possessions identified? [ynq] (y) y
 Do you want to see your attributes? [ynq] (y) y
 Do you want an account of creatures vanquished? [ynaq] (y) y
 Do you want to see your conduct and achievements? [ynq] (y) y
 Do you want to see the dungeon overview? [ynq] (y) y

Inventory:
 Coins    ('$')
  $ - 217 gold pieces
 Weapons  (')')
  a - 36 +2 darts (at the ready)
  q - 8 +0 darts
  M - a +0 dagger
  u - a blessed +1 orcish dagger
  S - a +0 orcish dagger
  J - a +0 spear
  E - a +0 katana (weapon in right hand)
 Armor    ('[')
  R - a blessed +2 orcish helm (being worn)
  N - an uncursed fireproof +0 dwarvish cloak (being worn)
  n - an uncursed +0 Hawaiian shirt with an orchid motif
 Comestibles  ('%')
  c - an uncursed banana
  d - an uncursed carrot
  b - an uncursed cream pie
  e - 4 uncursed food rations
  i - an uncursed fortune cookie
  f - an uncursed tripe ration
  s - an uncursed homemade tin of newt meat
  h - an uncursed tin of stir fried jackal meat
 Scrolls  ('?')
  B - an uncursed scroll of enchant weapon
  y - an uncursed scroll of identify
  A - an uncursed scroll of identify
  G - an uncursed scroll of light
  m - a blessed scroll of magic mapping
  l - 3 uncursed scrolls of magic mapping
  I - an uncursed scroll of teleportation
 Spellbooks  ('+')
  T - an uncursed spellbook of identify
 Potions  ('!')
  w - an uncursed potion of booze
  j - a blessed potion of extra healing
  k - 2 uncursed potions of extra healing
  O - an uncursed potion of hallucination
  v - 2 uncursed potions of healing
  x - a cursed potion of invisibility
  t - an uncursed potion of restore ability
  D - an uncursed potion of speed
  F - a potion of unholy water
 Rings    ('=')
  P - an uncursed ring of cold resistance
 Wands    ('/')
  L - a wand of create monster (0:13)
  H - a wand of striking (0:2)
 Tools    ('(')
  p - an uncursed credit card
  o - an expensive camera (0:81)
  r - an uncursed skeleton key
  Q - an uncursed skeleton key

Jobair the Tourist's attributes:

Background:
 You were a Sightseer, a level 4 female human Tourist.
 You were neutral, on a mission for The Lady
 who was opposed by Blind Io (lawful) and Offler (chaotic).
 You were right-handed.
 You were in the Dungeons of Doom, on level 6.
 You entered the dungeon 2389 turns ago.
 It was the midnight hour.
 You had 147 experience points, 13 more were needed to attain level 5.

Basics:
 You had 0 out of 33 hit points.
 You had all 15 energy points (spell power).
 Your armor class was 7.
 Your wallet contained 217 zorkmids.
 Autopickup was off.

Final Characteristics:
 Your strength was 9 (limit:18/100).
 Your dexterity was 9 (limit:18).
 Your constitution was 17 (limit:18).
 Your intelligence was 14 (limit:18).
 Your wisdom was 9 (limit:18).
 Your charisma was 18 (limit:18).

Final Status:
 You were temporarily blind.
 You weren't hungry.
 You were unencumbered.
 You were wielding a long sword.
 You had basic skill with long sword.

Final Attributes:
 You were piously aligned.
 Your items were somewhat protected from fire.
 Your items were somewhat protected from cold.
 You were warded.
 You are dead.

Miscellaneous:
 You didn't encounter any bones levels.
 Total elapsed playing time was 20 minutes and 39 seconds.

Major events:
 Turn
    1: Jobair the neutral female human Tourist entered the dungeon
 1197: attained the rank of Sightseer (level 3)
 2389: killed by a rothe

You didn't know any spells.

Skills:
 Fighting Skills
   bare handed combat [Unskilled]
   two weapon combat  [Unskilled]
   riding             [Unskilled]
 Weapon Skills
   dagger             [Unskilled]
   knife              [Unskilled]
   axe                [Unskilled]
   pick-axe           [Unskilled]
   short sword        [Unskilled]
   broadsword         [Unskilled]
   long sword         [Basic]
   two-handed sword   [Unskilled]
   saber              [Unskilled]
   mace               [Unskilled]
   morning star       [Unskilled]
   flail              [Unskilled]
   hammer             [Unskilled]
   quarterstaff       [Unskilled]
   polearms           [Unskilled]
   spear              [Unskilled]
   trident            [Unskilled]
   lance              [Unskilled]
   bow                [Unskilled]
   sling              [Unskilled]
   crossbow           [Unskilled]
   dart               [Basic]
   shuriken           [Unskilled]
   boomerang          [Unskilled]
   whip               [Unskilled]
   unicorn horn       [Unskilled]
 Spellcasting Skills
   divination spells  [Unskilled]
   enchantment spells [Unskilled]
   escape spells      [Unskilled]

Voluntary challenges:
 Character rerolling was not enabled.
 You never genocided any monsters.
 You never polymorphed an object.
 You never changed form.
 You used no wishes.
Achievements:
 You entered a shop.
 You attained the rank of Sightseer.

 The Dungeons of Doom: levels 1 to 6
    Level 1:
       Some fountains.
    Level 2:
       A general store, an altar, a fountain.
    Level 3:
       A general store.
    Level 4:
       A general store, a fountain.
    Level 5:
    Level 6: <- You were here.
       Final resting place for
          you, killed by a rothe.


Vanquished creatures:
  a yellow light
  2 giant ants
  a rothe
  a giant bat
 an acid blob
  a hobbit
  4 giant rats
  a yellow mold
  a red mold
  a garter snake
  4 geckos
  2 jackals
  a fox
  a kobold
  3 goblins
  3 sewer rats
  3 grid bugs
  3 lichens
  6 newts
40 creatures vanquished.

No species were genocided or became extinct.

Game over:
                       ----------
                      /          \
                     /    REST    \
                    /      IN      \
                   /     PEACE      \
                  /                  \
                  |      Jobair      |
                  |      217 Au      |
                  |   killed by a    |
                  |      rothe       |
                  |                  |
                  |                  |
                  |       2026       |
                 *|     *  *  *      | *
        _________)/\\_//(\/(/\)/\//\/|_)_______

Aloha Jobair the Tourist...

You died in The Dungeons of Doom on dungeon level 6 with 848 points,
and 217 pieces of gold, after 2389 moves.
You were level 4 with a maximum of 33 hit points when you died.

